Map: El Dorado

Players

llllllllllll - Winner!

  • Race: Protoss Protoss
  • League: Gold
  • Spawn Location: 5:00

dada

  • Race: Protoss Protoss
  • League: Platinum
  • Spawn Location: 7:00

VOD

Have the link to the VOD?

Description

Time

  • Played on: April 24, 2025, 11:18 a.m.
  • Length: 3:26
Show
View Real Time Build Order
Export as new Build Order

llllllllllll Protoss - Winner!

Build Orders:  

Get SALT Encoding   

  12  0:00  Probe  
  13  0:13  Probe  
  14  0:19  Pylon  
  14  0:25  Probe  
  15  0:38  Gateway  
  15  0:41  Assimilator  
  15  0:52  Pylon  
  15  1:11  Gateway  
  15  1:15  Gateway  
  15  1:29  Cybernetics Core  
  15  1:41  Probe  
  16  1:53  Probe  
  16  1:54  Stalker x2  
  21  2:20  Stalker x2  
  25  2:47  Stalker  
  27  2:54  Stalker  
Show
View Real Time Build Order
Export as new Build Order

dada Protoss 

Build Orders:  

Get SALT Encoding   

  1  0:00  Probe  
  13  0:08  Probe  
  14  0:20  Pylon  
  14  0:22  Probe  
  15  0:38  Probe  
  15  0:42  Gateway  
  16  0:48  Assimilator  
  16  0:50  Probe  
  17  0:59  Probe  
  17  1:00  Assimilator  
  18  1:08  Probe  
  18  1:16  Probe  
  20  1:28  Probe  
  21  1:33  Cybernetics Core  
  21  1:36  Pylon  
  21  1:40  Probe  
  22  1:48  Assimilator  
  22  1:52  Probe  
  23  2:05  Probe  
  23  2:07  Stalker  
  24  2:13  Shield Battery  
  26  2:17  Probe  
  27  2:25  Gateway  
  27  2:29  Forge  
  27  2:30  Stalker  
  27  2:38  Shield Battery  
  29  2:54  Shield Battery  
  29  2:55  Shield Battery  
  27  2:58  Pylon  
Tags
 
Matchup
PvP
Replay Pack
kreditionep1
Spawn Locations
Close Positions
Add a new tag
Caveats
  • Supply blocks, unpowered buildings, or Contaminate may cause inaccurate times.
  • Supply counts are checked every 10 seconds.